 Dungeon Crawl Stone Soup version 0.29-a0-284-gf9362112df (webtiles) character file.

Game seed: 9630893530834922462

5482 kae the Cleaver (level 10, -4/92 HPs)
             Began as a Deep Dwarf Fighter on Mar 15, 2022.
             Was a Priest of Makhleb.
             Slain by a two-headed ogre
             ... wielding a +0 giant spiked club
              (21 damage)
             ... on level 9 of the Dungeon.
             The game lasted 00:07:40 (7193 turns).

kae the Cleaver (Deep Dwarf Fighter)                Turns: 7193, Time: 00:07:40

Health: -4/92      AC: 17    Str: 24    XL:     10   Next: 42%
Magic:  11/11      EV:  9    Int:  9    God:    Makhleb [***...]
Gold:   368        SH:  0    Dex: 18    Spells: 9/9 levels left

rFire   . . .      SeeInvis .   j - +5 battleaxe (freeze)
rCold   . . .      Faith    .   (shield currently unavailable)
rNeg    + . .      Spirit   .   E - +3 chain mail of the Reasonable God {Dex+6}
rPois   .          Reflect  .   (no helmet)
rElec   .          Harm     .   I - +2 cloak
rCorr   .          Rampage  .   (no gloves)
Will    +....                   (no boots)
Stlth   ..........              (no amulet)
HPRegen 0.00/turn               q - ring of positive energy
MPRegen 0.12/turn               (no ring)

@: no status effects
A: damage resistance, heal wounds, sense surroundings 2, no regeneration
a: Heal Wounds, Renounce Religion, Minor Destruction, Lesser Servant of Makhleb


You were on level 9 of the Dungeon.
You worshipped Makhleb.
Makhleb was most pleased with you.
You visited 1 branch of the dungeon, and saw 9 of its levels.

You collected 368 gold pieces.

Inventory:

Hand Weapons
 a - a +1 war axe
 b - a +5 battleaxe
 j - a +5 battleaxe of freezing (weapon)
Missiles
 D - 2 throwing nets
Armour
 c - a +0 buckler
 E - the +3 chain mail of the Reasonable God (worn) {Dex+6}
   (You found it on level 6 of the Dungeon)

   Dex:       It affects your dexterity (+6).
 I - a +2 cloak (worn)
Jewellery
 q - a ring of positive energy (left hand)
 r - a ring of ice
 s - a ring of poison resistance
 u - a ring of protection from fire
 v - a +6 ring of dexterity
 w - a ring of ice
Wands
 y - a wand of flame (25)
 C - a wand of acid (16)
 H - a wand of digging (8)
Scrolls
 g - 3 scrolls of teleportation
 h - a scroll of fear
 i - a scroll of identify
 l - 2 scrolls of fog
 z - 4 scrolls of magic mapping
 A - a scroll of immolation
 B - 2 scrolls of amnesia
 J - a scroll of silence {unknown}
 K - a scroll of acquirement {unknown}
Potions
 d - 3 potions of might
 e - 2 potions of mutation
 f - a potion of berserk rage
 k - 4 potions of heal wounds
 m - 5 potions of cancellation
 n - 3 potions of curing
 o - 2 potions of ambrosia
 p - 4 potions of flight
 t - 5 potions of lignification {unknown}
 x - a potion of attraction {unknown}
 F - 2 potions of degeneration {unknown}
 G - 2 potions of magic {unknown}


   Skills:
 + Level 6.4 Fighting
 * Level 10.3 Axes
 + Level 7.8 Armour
 * Level 1.8 Dodging
 - Level 7.7 Shields
 + Level 7.3 Invocations


You had 9 spell levels left.
You didn't know any spells.
Your spell library contained the following spells:

 Spells                   Type           Power      Damage    Failure   Level
 Corpse Rot               Necr/Air       0%         N/A       98%         2
 Ensorcelled Hibernation  Hex/Ice        0%         N/A       98%         2
 Passwall                 Tmut/Erth      0%         N/A       98%         2
 Gell's Gravitas          Tloc           0%         N/A       100%        3
 Lesser Beckoning         Tloc           0%         N/A       100%        3
 Stone Arrow              Conj/Erth      0%         3d7       100%        3
 Swiftness                Air            0%         N/A       100%        3
 Teleport Other           Tloc           0%         N/A       100%        3
 Animate Armour           Summ/Erth      0%         N/A       100%        4
 Dispel Undead            Necr           0%         3d6       100%        4
 Death Channel            Necr           0%         N/A       100%        6
 Lehudib's Crystal Spear  Conj/Erth      0%         10d2      100%        8


Dungeon Overview and Level Annotations

Branches:
Dungeon (9/15)             Temple (0/1) D:4            Lair (0/6) D:8
    Orc: D:9-12

Altars:
Ashenzari
Elyvilon
Makhleb
Nemelex Xobeh
Okawaru
Uskayaw
Wu Jian
Zin
The Shining One

Shops:
D:1 [


Innate Abilities, Weirdness & Mutations

You are resistant to damage.
You can heal yourself by infusing magical energy.
You passively map the area around you.
You do not regenerate.


Message History

The centaur kicks you but does no damage.
The centaur barely misses you.
The centaur kicks you but does no damage.
You slice the centaur!! You freeze the centaur.
You kill the centaur!
Makhleb accepts your kill.
You feel better.
Things that are here:
a +0 shortbow; a centaur corpse
K - a scroll labelled NEMURI BAUTZAD You open the door.
A two-headed ogre comes into view.
It is wielding a +0 giant spiked club and a +0 giant club.
The two-headed ogre shouts in stereo!
A two-headed ogre is nearby!
A two-headed ogre is nearby!
A two-headed ogre is nearby!
Aiming: Corrosive Bolt
Press: ? - help, Shift-Dir - straight line, f - two-headed ogre
Aim: a two-headed ogre, wielding a +0 giant spiked club and a +0 giant club (86% to hit)
The bolt of acid hits the two-headed ogre.
The acid corrodes the two-headed ogre!
The two-headed ogre is lightly wounded.
Aiming: Corrosive Bolt
Press: ? - help, Shift-Dir - straight line, f/p - two-headed ogre
Aim: a two-headed ogre, wielding a +0 giant spiked club and a +0 giant club (lightly wounded, covered in acid, 86% to hit)
The bolt of acid misses the two-headed ogre.
You slash the two-headed ogre! You freeze the two-headed ogre.
The two-headed ogre is moderately wounded.
The two-headed ogre barely misses you.
The two-headed ogre hits you with a +0 giant club.
* * * LOW HITPOINT WARNING * * *
You slash the two-headed ogre! You freeze the two-headed ogre.
The two-headed ogre is severely wounded.
The two-headed ogre barely misses you.
The two-headed ogre hits you with a +0 giant club!
* * * LOW HITPOINT WARNING * * *
You slash the two-headed ogre! You freeze the two-headed ogre.
The two-headed ogre is almost dead.
The two-headed ogre hits you with a +0 giant spiked club!!
You die...

#####.).....#
,
#...........#
,, , , ,
#.###.......#
* ,, ,
#.......# * ..
#.......##...#
*, ,, ,
#..........# *
, ,
#.[.....#### *
** ####.####
,, * ,, #.@# *
* * ##O# , , ,
* ... ** * ,
,<,* * ....# *
, , #....# ,,
, ,, #....# ,,
, , *,+....+ ,
, , , * #....#
* , , *


You could see a two-headed ogre (corroded).

Vanquished Creatures
  Joseph (D:8)
  Maggie (D:8)
  Sigmund (D:2)
  A wraith (D:9)
  2 wyverns
  10 yaks (D:8)
  2 wargs (D:8)
  2 ice beasts
  3 sky beasts
  2 orc warriors
  3 centaurs
  An ogre (D:6)
  2 bullfrogs
  A gnoll sergeant (D:8)
  A scorpion (D:5)
  8 wights
  5 howler monkeys
  2 hounds
  A jelly (D:6)
  2 orc priests (D:8)
  A gnoll shaman (D:8)
  An iguana (D:5)
  Terence (D:2)
  10 orc wizards
  9 gnolls
  7 adders
  2 shadow imps
  An ufetubus (D:5)
  A worm (D:2)
  3 dart slugs
  35 orcs
  9 bats
  8 endoplasms
  4 giant cockroaches
  7 goblins
  4 hobgoblins
  13 jackals
  2 quokkas
  8 ball pythons
  4 frilled lizards
  3 kobolds
  8 rats
192 creatures vanquished.

Vanquished Creatures (others)
  An orc wizard (D:7)
  3 bushes (D:8)
4 creatures vanquished.

Grand Total: 196 creatures vanquished

Notes
Turn   | Place    | Note
-------+----------+-------------------------------------------
     0 | D:1      | kae the Deep Dwarf Fighter began the quest for the Orb.
     0 | D:1      | Reached XP level 1. HP: 20/20 MP: 1/1
    79 | D:1      | Reached XP level 2. HP: 25/27 MP: 2/2
   122 | D:1      | Found Wuit's Antique Armour Shop.
   462 | D:1      | Reached skill level 3 in Axes
   619 | D:1      | Reached XP level 3. HP: 21/33 MP: 3/3
   998 | D:2      | Noticed Sigmund
  1015 | D:2      | Killed Sigmund
  1016 | D:2      | Reached skill level 4 in Axes
  1016 | D:2      | Reached XP level 4. HP: 26/42 MP: 4/4
  1016 | D:2      | Reached XP level 5. HP: 30/49 MP: 5/5
  1136 | D:2      | Noticed Terence
  1148 | D:2      | Killed Terence
  1149 | D:2      | Reached XP level 6. HP: 45/56 MP: 6/6
  2019 | D:3      | Found a burning altar of Makhleb.
  2049 | D:3      | Became a worshipper of Makhleb the Destroyer
  2078 | D:3      | Reached skill level 5 in Axes
  2108 | D:3      | Found an iron altar of Okawaru.
  2554 | D:3      | Found a faded altar of an unknown god.
  2738 | D:4      | Found a staircase to the Ecumenical Temple.
  3220 | D:4      | Found a broken altar of Ashenzari.
  3221 | D:4      | Found a white marble altar of Elyvilon.
  3370 | D:4      | Reached * piety under Makhleb
  3647 | D:5      | Entered Level 5 of the Dungeon
  3656 | D:5      | Reached skill level 1 in Invocations
  3869 | D:5      | Reached XP level 7. HP: 44/63 MP: 8/8
  4009 | D:5      | Reached skill level 5 in Shields
  4135 | D:5      | Reached skill level 6 in Axes
  4135 | D:5      | Reached skill level 5 in Armour
  4321 | D:5      | Found an ornate altar of the Wu Jian Council.
  4546 | D:6      | Noticed a wyvern
  4555 | D:6      | Killed a wyvern
  4555 | D:6      | Reached ** piety under Makhleb
  4556 | D:6      | Reached XP level 8. HP: 24/73 MP: 10/10
  4672 | D:6      | Identified the +3 chain mail of the Reasonable God {Dex+6}
  4928 | D:6      | Found the +8 demon trident "Rift" {distort, reach+}
  5079 | D:7      | Reached skill level 7 in Axes
  5351 | D:7      | Found a sparkling altar of Nemelex Xobeh.
  5399 | D:7      | Found a glowing golden altar of the Shining One.
  5802 | D:7      | Found a glowing silver altar of Zin.
  5947 | D:8      | Reached skill level 5 in Fighting
  5947 | D:8      | Noticed Maggie
  5954 | D:8      | Killed Maggie
  5955 | D:8      | Reached skill level 8 in Axes
  5956 | D:8      | Reached skill level 5 in Invocations
  5956 | D:8      | Gained mutation: You passively map the area around you.
                  | [Deep Dwarf growth]
  5956 | D:8      | Reached XP level 9. HP: 62/81 MP: 11/11
  6069 | D:8      | Noticed Joseph
  6212 | D:8      | Killed Joseph
  6267 | D:8      | Found a staircase to the Lair.
  6275 | D:8      | Reached skill level 9 in Axes
  6417 | D:8      | Found a hide-covered altar of Uskayaw.
  6418 | D:8      | HP: 3/82 [gnoll shaman/+0 whip (3)]
  6617 | D:8      | Reached XP level 10. HP: 53/91 MP: 11/13
  6735 | D:8      | Reached *** piety under Makhleb
  6816 | D:8      | Reached skill level 10 in Axes
  6964 | D:9      | Reached skill level 1 in Dodging
  7188 | D:9      | Noticed a two-headed ogre
  7193 | D:9      | Slain by a two-headed ogre

Illustrated notes

Levels and vault maps discovered:
D:1:      giann_forest_graveyard, layout_basic, serial_shops,
          nicolae_shop_temple_entry_statues_fountains,
          chequers_serial_rivers_small_3
D:2:      layout_basic, uniq_terence, uniq_sigmund
D:3:      layout_basic, mainiacjoe_overflow_24_doors, okawaru_ov_weapons_minmay,
          hellmonk_ecumenical_altar_crossroads, kennysheep_nondescript
D:4:      layout_loops_corners, nicolae_overflow_squiral,
          minmay_temple_entry_grid, dk_rats_in_the_wall
D:5:      layout_cave_pods, marbit_many_paths
D:6:      layout_cave_pools, minivault_10, minivault_25
D:7:      layout_basic, mainiacjoe_overflow_big_doors, tso_metal_star
D:8:      layout_loops_cross, mainiacjoe_overflow_boulevard,
          erik_lair_orcish_takeover, chequers_serial_rivers_large_a,
          uniq_maggie, uniq_joseph
D:9:      layout_roguey, nicolae_hepliaklqana_monster_ancestors,
          jmf_multi_god_temple

Skill      XL: |  1  2  3  4  5  6  7  8  9 10 |
---------------+-------------------------------+-----
Axes           | 3 4 5 6 8 9 10 | 10.3
Fighting       | 3 4 5 6 |  6.4
Armour         | 4 5 6 7 |  7.8
Shields        | 4 5 6 7 |  7.7
Invocations    | 1 3 5 6 7 |  7.3
Dodging        | 1 |  1.8

Action                   |  1- 3 |  4- 6 |  7- 9 | 10-12 || total
-------------------------+-------+-------+-------+-------++-------
Melee: War axe           |    81 |   199 |   152 |       ||   432
       Battleaxe         |       |       |    81 |    68 ||   149
 Abil: Heal Wounds       |       |     2 |    10 |     3 ||    15
Evoke: Wand              |       |       |     2 |     2 ||     4
  Use: Scroll            |     5 |    11 |     2 |       ||    18
       Potion            |       |       |     3 |       ||     3
 Stab: Invisible         |       |       |     6 |       ||     6
Armor: Scale mail        |    38 |       |       |       ||    38
       Chain mail        |    11 |   141 |   154 |    41 ||   347
Dodge: Dodged            |    30 |    64 |   106 |    43 ||   243
Block: Buckler           |    12 |    51 |    46 |       ||   109

Table legend: (Time is in decaauts)
 A = Elapsed time spent in this place.
 B = Non-inter-level travel time spent in this place.
 C = Inter-level travel time spent in this place.
 D = Time resting spent in this place.
 E = Time spent auto-exploring this place.
 F = Levels seen in this place.
 G = Mean time per level.
                   A        B        C        D        E       F      G
               +--------+--------+--------+--------+--------+-----+--------+
         Total |   7372 |   7138 |    234 |    989 |   4541 |   9 |  819.1 |
       Dungeon |   7372 |   7138 |    234 |    989 |   4541 |   9 |  819.1 |
               +--------+--------+--------+--------+--------+-----+--------+

Top non-repeatable levels by time:
     D:2: 1124 daAuts
     D:7: 1009 daAuts
     D:4: 991 daAuts
     D:8: 969 daAuts
     D:5: 873 daAuts
     D:1: 823 daAuts
     D:3: 795 daAuts
     D:6: 529 daAuts
     D:9: 256 daAuts
